AoeStats
← matzoder

Baltic

510381309Analyzed
2v2 RM · 11h ago on Sep 30, 2026· 81m 47s· 4 players
Game mode
Random Map
Map size
Medium (4 player)
Population
200
Speed
Normal
Resources
Standard
Victory
Conquest
Starting age
Dark Age
Ending age
Imperial Age
RankedLock teamsTeams togetherTeam positionsShared explorationLock speedFull tech treeHidden civsTurbo modeCheats
Victory
Defeat
🇨🇭 Ethiopians · Switzerland
1005
+19
🇨🇭 Saracens · Switzerland
1003
+19
🇩🇪 Malay · Germany
1074
-20
🇩🇪 Cumans · Germany
1056
-18
Mihawk
9:27 Feudal Age
9:55 Wheelbarrow
9:08 Loom
12:20 Double-Bit Axe
12:19 Horse Collar
12:06 Man-at-Arms
18:45 Gold Mining
19:46 Stone Mining
20:06 Fishing Lines
24:13 Castle Age
22:34 Fletching
22:44 Padded Archer Armor
24:59 Town Watch
25:51 Wheelbarrow
25:28 Bow Saw
25:20 Heavy Plow
25:34 Gillnets
26:09 Town Watch
26:34 Scale Barding Armor
26:39 Forging
27:33 Gold Shaft Mining
27:51 Town Patrol
28:41 Iron Casting
28:02 Bodkin Arrow
28:44 Elite Skirmisher
29:29 Thumb Ring
30:53 Hand Cart
33:43 Husbandry
33:30 Pikeman
34:10 Squires
39:55 Imperial Age
39:38 Stone Shaft Mining
40:34 Chemistry
39:46 Siege Engineers
40:24 Forced Levy
40:44 Conscription
40:02 Long Swordsman
40:54 Bodkin Arrow
41:59 Blast Furnace
40:57 Bodkin Arrow
40:31 Halberdier
41:18 Light Cavalry
42:32 Elite Cannon Galleon
45:28 Two-Handed Swordsman
48:07 Bracer
48:22 Leather Archer Armor
52:41 Arson
63:06 Cavalier
74:46 Crossbowman
matzoder
10:54 Feudal Age
12:07 Double-Bit Axe
17:35 Castle Age
21:49 Bow Saw
34:12 Wheelbarrow
39:16 Imperial Age
39:26 Pikeman
40:39 Scale Mail Armor
40:50 Forging
43:26 Chain Mail Armor
49:21 Scale Barding Armor
49:08 Fletching
52:22 Bodkin Arrow
52:28 Padded Archer Armor
54:48 Leather Archer Armor
56:27 Ballistics
57:07 Chemistry
57:28 Hand Cart
56:59 Town Watch
65:41 Loom
68:50 Halberdier
75:52 Ring Archer Armor
75:54 Plate Mail Armor
75:46 Elite Skirmisher
76:34 Horse Collar
80:26 Conscription
673
7:30 Loom
12:48 Feudal Age
18:26 Castle Age
17:41 Fishing Lines
20:19 Medium Warships
24:28 Double-Bit Axe
24:28 Horse Collar
25:52 Gold Mining
25:55 Stone Mining
26:53 Squires
27:16 Forging
27:07 Scale Mail Armor
27:13 Scale Barding Armor
26:59 Fletching
29:20 Scale Mail Armor
29:43 Husbandry
32:00 Chain Barding Armor
33:19 Chain Mail Armor
33:40 Iron Casting
42:10 Imperial Age
40:49 Fletching
42:21 Heavy Camel Rider
44:08 Blast Furnace
43:38 Plate Mail Armor
43:04 Bodkin Arrow
43:46 Arson
43:56 Heavy Scorpion
48:23 Torsion Engines
50:32 Bracer
50:33 Padded Archer Armor
50:51 Light Cavalry
51:08 Halberdier
54:57 Guilds
56:13 Wheelbarrow
56:08 Light Cavalry
57:38 Hussar
65:15 Conscription
65:41 Bow Saw
78:36 Town Watch
Senstu
3:38 Loom
12:01 Feudal Age
15:57 Castle Age
14:39 Horse Collar
14:46 Double-Bit Axe
21:49 Medium Warships
21:21 Fishing Lines
25:26 Wheelbarrow
26:31 Bow Saw
27:41 Hand Cart
28:10 Pikeman
36:57 Bloodlines
36:48 Husbandry
43:25 Imperial Age
44:36 Conscription
44:29 Heavy Camel Rider
49:52 Ballistics
50:33 Chemistry
49:27 Capped Ram
50:23 Heavy Plow
51:29 Two-Man Saw
50:26 Siege Ram
51:10 Elite Mameluke
54:27 Forging
54:23 Scale Barding Armor
54:19 Scale Mail Armor
56:04 Iron Casting
67:58 Town Watch
70:20 Murder Holes
70:15 Light Cavalry
73:25 Blast Furnace
72:18 Fletching
72:29 Padded Archer Armor
73:30 Blast Furnace
72:45 Chain Mail Armor
72:51 Chain Barding Armor
72:35 Crossbowman
73:21 Thumb Ring
74:27 Bodkin Arrow
74:48 Leather Archer Armor
75:37 Blast Furnace
74:58 Chain Barding Armor
74:53 Chain Mail Armor
74:37 Arbalester
Connection lost

Rejoining the realm…

Still unreachable

The connection could not be restored.

Session expired

The server has moved on; the page needs a fresh start.